 Dungeon Crawl Stone Soup version 0.17-a0-580-g22c127a (webtiles) character file.

481 Ololoev the Caller (level 6, -3/45 HPs)
             Began as a Demigod Summoner on Apr 15, 2015.
             Shot with an arrow by a centaur (5 damage)
             ... on level 6 of the Dungeon.
             The game lasted 00:24:02 (6405 turns).

Ololoev the Caller (Demigod Summoner)               Turns: 6405, Time: 00:24:02

Health: -3/45      AC:  5    Str: 11    XL:     6   Next: 56%
Magic:  5/14       EV: 12    Int: 23    God:
Gold:   392        SH:  0    Dex: 16    Spells: 3 memorised, 6 levels left

rFire  . . .     SeeInvis .     v - +2 great sword (elec) (curse)
rCold  . . .     Clarity  .     k - +0 robe
rNeg   . . .     SustAb   +     (no shield)
rPois  .         Gourm    .     y - +2 helmet
rElec  .         Spirit   .     (no cloak)
rCorr  .         Warding  .     (no gloves)
rMut   .         Stasis   .     (no boots)
MR     .....                    (no amulet)
Stlth  ++........               (no ring)
                                (no ring)

@: not resistant to hostile enchantments, unstealthy
A: high mp 1, sustain abilities
a: no special abilities


Innate Abilities, Weirdness & Mutations

You have an increased reservoir of magic (+10% MP).
Your attributes are resistant to harm.

Inventory:

Hand weapons
 b - a cursed +0 blowgun
 v - a cursed +2 great sword of electrocution (weapon)
Missiles
 e - 5 poisoned tomahawks (quivered)
 g - a throwing net
 l - 2 curare-tipped needles
 t - 22 poisoned needles
Armour
 k - a +0 robe (worn)
 y - a +2 helmet (worn)
Magical devices
 m - a wand of digging (9)
 p - a wand of fireball (15)
Scrolls
 o - a scroll of remove curse
Potions
 a - a potion of flight {unknown}
 c - 2 potions of cancellation {unknown}
 d - 2 potions of agility
 h - a potion of restore abilities
 j - a potion of invisibility {unknown}
 n - a potion of might
 q - 2 potions of curing {unknown}
 r - 2 potions of haste
 u - a potion of mutation {unknown}
 x - a potion of poison {unknown}
 z - a potion of cure mutation {unknown}
 A - a potion of heal wounds
Books
 s - a book of Callings

   Spells                             Type                      Level
   a - Summon Small Mammal            Summoning                    1
   b - Call Imp                       Summoning                    2
   c - Call Canine Familiar           Summoning                    3
   d - Summon Guardian Golem          Hexes/Summoning              3
   e - Summon Lightning Spire         Summoning/Air                4
   f - Summon Ice Beast               Ice/Summoning                4
Comestibles
 f - 3 meat rations
 i - a beef jerky


   Skills:
 - Level 1.7 Dodging
 - Level 1.7 Stealth
 + Level 3.7 Spellcasting
 * Level 6.6 Summonings


You had 6 spell levels left.
You knew the following spells:

 Your Spells              Type           Power        Failure   Level  Hunger
a - Summon Small Mammal   Summ           ####         1%          1    None
b - Call Imp              Summ           ####....     1%          2    #......
c - Call Canine Familiar  Summ           ####....     1%          3    ###....


You were on level 6 of the Dungeon.
You were not hungry.

You visited 1 branch of the dungeon, and saw 4 of its levels.
You also visited: Ossuary.

You collected 392 gold pieces.

#....# #.# #....# #.#
#....# #.# #######
#....#######.###.....####
#...........5c((..........
#....#######(###.(...#####
#....# #(# #..(......#
#....#######.#...........'.
##.........#@#.#...c.....#
#.#####....h............#
#.# #.#.5##..####.....# #.#
#.#......# ..... #.#
#.#..#...## ####
#.#####....#....#
#..........#..#.. .
#.....###.....#. ...
#>....'.......# ...

Notes
Turn   | Place    | Note
--------------------------------------------------------------
     0 | D:1      | Ololoev, the Demigod Summoner, began the quest for the Orb.
     0 | D:1      | Reached XP level 1. HP: 14/14 MP: 5/5
   905 | D:1      | Reached skill level 4 in Summonings
   905 | D:1      | Reached XP level 2. HP: 2/20 MP: 4/7
   913 | D:1      | Learned a level 2 spell: Call Imp
  2126 | D:1      | Reached XP level 3. HP: 20/26 MP: 9/9
  2133 | D:1      | Learned a level 3 spell: Call Canine Familiar
  3023 | D:2      | Reached XP level 4. HP: 33/33 MP: 10/10
  3106 | D:2      | Noticed Natasha
  3132 | D:2      | Killed Natasha
  3159 | D:2      | Noticed Robin
  3168 | D:2      | Killed Robin
  3168 | D:2      | Reached skill level 5 in Summonings
  3360 | D:2      | Noticed Natasha
  3362 | D:2      | Killed Natasha
  3589 | D:2      | Found a bloodstained altar of Trog.
  3720 | D:2      | Noticed Natasha
  3723 | D:2      | Killed Natasha
  4031 | D:3      | Reached XP level 5. HP: 31/38 MP: 12/12
  5128 | D:3      | You fall through a shaft for 3 floors!
  5251 | D:6      | Reached skill level 6 in Summonings
  5251 | D:6      | Reached XP level 6. HP: 26/45 MP: 12/14
  5281 | D:6      | Found a sand-covered staircase.
  5374 | Ossuary  | Entered an ossuary
  6405 | D:6      | HP: 2/45 [centaur/arrow (11)]
  6405 | D:6      | Shot with an arrow by a centaur

Dungeon Overview and Level Annotations

Branches:
Dungeon (6/15)
 Temple: D:4-7


Message History

The centaur shoots an arrow.
The arrow hits you!
You see here an arrow.
The centaur shoots an arrow.
The arrow hits you.
You see here an arrow.
The centaur shoots an arrow.
The arrow hits you!
You see here an arrow.
Casting: Call Canine Familiar
Confirm with . or Enter, or press ? or * to list all spells.
Casting: Call Canine Familiar
Confirm with . or Enter, or press ? or * to list all spells.
A beastly little devil appears in a puff of flame.
The centaur shoots an arrow.
The arrow hits your hound.
The centaur shoots an arrow.
The arrow hits your hound! What do you say? t - Shout!
Orders for allies: a - Attack new target. r - Retreat! s - Stop attacking. w - Wait here. f - Follow me.
Anything else - Stay silent.
Gang up on whom?
Press: ? - help, Dir - move target cursor, f - centaur
Aim: a centaur, wielding a shortbow Attack!
The centaur unwields an uncursed shortbow.
The centaur hits your crimson imp but does no damage.
The centaur wields an uncursed shortbow.
The centaur shoots an arrow.
The arrow hits your hound!
Your hound dies!
Your hound's corpse disappears in a puff of smoke!
Casting: Call Imp
Confirm with . or Enter, or press ? or * to list all spells.
A beastly little devil appears in a puff of flame.
The centaur shoots an arrow.
The arrow hits you.
Your crimson imp hits the centaur but does no damage.
Casting: Call Imp
Confirm with . or Enter, or press ? or * to list all spells.
The centaur shoots an arrow.
The arrow hits you!
Your crimson imp hits the centaur.
The centaur shoots an arrow.
The arrow hits you.
You die...

You could see a centaur, a friendly hound and 2 friendly crimson imps.

Vanquished Creatures
  A centaur (D:6)
  A big kobold zombie (Ossuary)
  A hound skeleton (D:3)
  9 mummies
  Natasha (twice) (D:2)
  4 adders
  A worm (D:3)
  2 giant geckos
  9 orcs (D:3)
  3 ball pythons (D:2)
  7 bats
  A bat zombie (D:6)
  A gnoll zombie (Ossuary)
  6 hobgoblins
  A giant cockroach (D:1)
  3 giant newts
  12 goblins
  11 kobolds
  2 kobold zombies (Ossuary)
  2 orc zombies (Ossuary)
  14 rats
  A bush (D:1)
94 creatures vanquished.

Vanquished Creatures (collateral kills)
  A giant frog (D:6)
  An orc priest (D:1)
  Natasha (D:2)
  Robin (D:2)
  4 adders
  3 giant geckos (D:1)
  4 orcs (D:1)
  2 gnoll zombies (Ossuary)
  2 hobgoblins
  A jackal (D:1)
  7 kobolds (D:1)
  A quokka (D:1)
  8 goblins
  4 rats
40 creatures vanquished.

Vanquished Creatures (others)
  3 hounds
  A crimson imp (D:2)
  A bat (D:1)
  2 quokkas (D:1)
  A rat (D:1)
8 creatures vanquished.

Grand Total: 142 creatures vanquished

Action                   |  1- 3 |  4- 6 || total
-------------------------+-------+-------++-------
Melee: Short sword       |   239 |       ||   239
       Dagger            |    27 |       ||    27
       Unarmed           |     4 |       ||     4
       Mace              |    16 |    86 ||   102
       Great sword       |       |    87 ||    87
 Fire: Blowgun           |       |    15 ||    15
 Cast: Summon Small Mamm |    12 |       ||    12
       Call Imp          |    13 |     5 ||    18
       Call Canine Famil |     3 |     9 ||    12
  Use: Potion            |     2 |       ||     2
       Scroll            |       |    10 ||    10
 Stab: Sleeping          |     1 |     4 ||     5
  Eat: Chunk             |     8 |     7 ||    15
       Fruit             |       |     2 ||     2
       Bread ration      |       |     1 ||     1

Vault maps used:
D:1:      dpeg_arrival_three_same_balls, minmay_misc_feat_cross,
          lexackson_kobold_supper
D:2:      old_standard_altar, minmay_shallow_snake_nest, uniq_natasha,
          uniq_crazy_yiuf_cottage, uniq_robin
D:3:      st_stairs_14
D:6:      lemuel_coloured_pillars_altar, gup_ossuary_entry_pyramid,
          minmay_misc_feat_columns
Ossuary:  ossuary_tomb_3
